SAAA
ROYSE CITY TARGARYENS @ JERSEY CITY SUN CAPS
10/03/2019
 
TOP OF THE 1ST
Royse City Targaryens batting - Pitching for Jersey City Sun Caps : RHP Jim Unknown
Pitching: RHP Jim Unknown
Batting: RHB Will Thomas 0-0: Foul Ball, location: 2F
0-1: Ball
1-1: Foul Ball, location: 2F
1-2: Strikes out looking
Batting: RHB Brent Burgess 0-0: Ball
1-0: Foul Ball, location: 2F
1-1: Foul Ball, location: 2F
1-2: Fly out, F9 (Popup, 34D)
Batting: RHB Eric D'Angle 0-0: Ball
1-0: Ball
2-0: Fly out, F7 (Flyball, 7M)
Top of the 1st over - 0 run(s), 0 hit(s), 0 error(s), 0 left on base; Royse City 0 - Jersey City 0
BOTTOM OF THE 1ST
Jersey City Sun Caps batting - Pitching for Royse City Targaryens : LHP Mathies Pilegaard
Pitching: LHP Mathies Pilegaard
Batting: LHB Munemori Ohara 0-0: Called Strike
0-1: Foul Ball, location: 2F
0-2: Ball
1-2: Foul Ball, location: 2F
1-2: Ball
2-2: Ball
3-2: Strikes out looking
Batting: LHB Jesús Pérez 0-0: Fly out, F8 (Line Drive, 8RM)
Batting: RHB Gil Moore 0-0: Ball
1-0: Ball
2-0: Ball
3-0: Called Strike
3-1: Foul Ball, location: 2F
3-2: Reached on Error, E4 (Line Drive, 4)
Batting: RHB Oscar Lewis 0-0: Called Strike
0-1: Foul Ball, location: 2F
0-2: Ball
1-2: Strikes out swinging
Bottom of the 1st over - 0 run(s), 0 hit(s), 1 error(s), 1 left on base; Royse City 0 - Jersey City 0
TOP OF THE 2ND
Royse City Targaryens batting - Pitching for Jersey City Sun Caps : RHP Jim Unknown
Batting: LHB Jack Schmitt 0-0: Called Strike
0-1: Called Strike
0-2: Ground out 4-3 (Groundball, 4)
Batting: LHB Jerry Wilson 0-0: Ball
1-0: Called Strike
1-1: Ball
2-1: Ball
3-1: Base on Balls
Batting: RHB Spencer Curry 0-0: Called Strike
0-1: Foul Ball, location: 2F
0-2: Fly out, F8 (Flyball, 8LM)
Batting: RHB Bob Sargent 0-0: Ball
1-0: Ball
2-0: Ball
3-0: Base on Balls
Jerry Wilson to second
Batting: LHB Steve Riggs 0-0: Ball
1-0: Called Strike
1-1: Ball
2-1: Swinging Strike
2-2: Ball
3-2: SINGLE (Groundball, 34D)
Jerry Wilson to third
Bob Sargent to second
Jerry Wilson scores
Bob Sargent to third
Batting: RHB Ron Ward 0-0: Called Strike
0-1: Swinging Strike
0-2: Strikes out swinging
Top of the 2nd over - 1 run(s), 1 hit(s), 0 error(s), 2 left on base; Royse City 1 - Jersey City 0
BOTTOM OF THE 2ND
Jersey City Sun Caps batting - Pitching for Royse City Targaryens : LHP Mathies Pilegaard
Batting: LHB Harlan Price 0-0: Ball
1-0: Ball
2-0: Called Strike
2-1: Ball
3-1: Fly out, F4 (Popup, 4M)
Batting: RHB Carlos Vázquez 0-0: Foul Ball, location: 2F
0-1: SINGLE (Line Drive, 9S)
Batting: RHB Christian O'Dell 0-0: Ball
1-0: Fly out, F8 (Flyball, 8RD)
Batting: RHB Cliff May 0-0: Ball
1-0: Fielders Choice at 2nd, U6 (Groundball, 6M)
Bottom of the 2nd over - 0 run(s), 1 hit(s), 0 error(s), 1 left on base; Royse City 1 - Jersey City 0
TOP OF THE 3RD
Royse City Targaryens batting - Pitching for Jersey City Sun Caps : RHP Jim Unknown
Batting: RHB Will Thomas 0-0: Swinging Strike
0-1: Ball
1-1: Reached on error, E6 (Groundball, 6)
Batting: RHB Brent Burgess 0-0: Ball
1-0: Ball
2-0: Ball
3-0: Called Strike
3-1: Base on Balls
Will Thomas to second
Batting: RHB Eric D'Angle 0-0: Called Strike
0-1: SINGLE (Groundball, 4MD)
Will Thomas to third
Brent Burgess to second
Batting: LHB Jack Schmitt 0-0: Called Strike
0-1: Ball
1-1: Ball
2-1: Ball
3-1: Swinging Strike
3-2: Base on Balls
Will Thomas scores
Brent Burgess to third
Eric D'Angle to second
Batting: LHB Jerry Wilson 0-0: Called Strike
0-1: Ball
1-1: Fly out, F7 (Flyball, 7LM)
Runner from 3rd tags up, SCORES, throw made
Batting: RHB Spencer Curry 0-0: Called Strike
0-1: Ball
1-1: Ball
2-1: Foul Ball, location: 2F
2-2: Strikes out looking
Batting: RHB Bob Sargent 0-0: Ball
1-0: Swinging Strike
1-1: Foul Ball, location: 2F
1-2: Strikes out swinging
Top of the 3rd over - 2 run(s), 1 hit(s), 1 error(s), 2 left on base; Royse City 3 - Jersey City 0
BOTTOM OF THE 3RD
Jersey City Sun Caps batting - Pitching for Royse City Targaryens : LHP Mathies Pilegaard
Batting: RHB Billy Wilson 0-0: Called Strike
0-1: Ball
1-1: Ball
2-1: Ball
3-1: Called Strike
3-2: Fly out, F9 (Flyball, 9LM)
Batting: LHB Munemori Ohara 0-0: Swinging Strike
0-1: Ball
1-1: Ball
2-1: Ball
3-1: Fly out, F7 (Line Drive, 78M)
Batting: LHB Jesús Pérez 0-0: Foul Ball, location: 2F
0-1: Ground out 6-3 (Groundball, 6)
Bottom of the 3rd over - 0 run(s), 0 hit(s), 0 error(s), 0 left on base; Royse City 3 - Jersey City 0
TOP OF THE 4TH
Royse City Targaryens batting - Pitching for Jersey City Sun Caps : RHP Jim Unknown
Batting: LHB Steve Riggs 0-0: Called Strike
0-1: Fly out, F2 (Popup, 2RF)
Batting: RHB Ron Ward 0-0: Called Strike
0-1: SINGLE (Groundball, 34D)
Batting: RHB Will Thomas 0-0: Called Strike
0-1: SINGLE (Groundball, 6D)
Ron Ward to second
Batting: RHB Brent Burgess 0-0: Ball
1-0: Called Strike
1-1: 3-RUN HOME RUN (Line Drive, 8LXD), Distance : 445 ft
Pitching: RHP Jim Unknown
Batting: RHB Eric D'Angle 0-0: Foul Ball, location: 2F
0-1: Swinging Strike
0-2: Ball
1-2: Ball
2-2: Ball
3-2: Foul Ball, location: 2F
3-2: Strikes out looking
Batting: LHB Jack Schmitt 0-0: Called Strike
0-1: Foul Ball, location: 2F
0-2: Foul Ball, location: 2F
0-2: Ball
1-2: Fly out, F7 (Flyball, 7S)
Top of the 4th over - 3 run(s), 3 hit(s), 0 error(s), 0 left on base; Royse City 6 - Jersey City 0
BOTTOM OF THE 4TH
Jersey City Sun Caps batting - Pitching for Royse City Targaryens : LHP Mathies Pilegaard
Batting: RHB Gil Moore 0-0: Ball
1-0: Ball
2-0: Foul Ball, location: 2F
2-1: Foul Ball, location: 2F
2-2: Reached on Error, E6 (Popup, 6M)
Batting: RHB Oscar Lewis 0-0: Called Strike
0-1: Fly out, F8 (Popup, 8LS)
Batting: LHB Harlan Price 0-0: Ball
1-0: Swinging Strike
1-1: Ball
2-1: Called Strike
Pickoff Throw by Catcher to First - Error! E2
Gil Moore to second
2-2: Foul Ball, location: 2F
2-2: Foul Ball, location: 2F
2-2: Fly out, F8 (Flyball, 89M)
Pitching: RHP Ron Kennedy
Batting: RHB Carlos Vázquez 0-0: Ball
1-0: Ball
2-0: Ball
3-0: Called Strike
3-1: Foul Ball, location: 2F
3-2: Foul Ball, location: 2F
3-2: Fly out, F6 (Popup, 6D)
Bottom of the 4th over - 0 run(s), 0 hit(s), 2 error(s), 1 left on base; Royse City 6 - Jersey City 0
TOP OF THE 5TH
Royse City Targaryens batting - Pitching for Jersey City Sun Caps : RHP Jim Unknown
Batting: LHB Jerry Wilson 0-0: Foul Ball, location: 2F
0-1: Called Strike
0-2: Foul Ball, location: 2F
0-2: Foul Ball, location: 2F
0-2: Ball
1-2: Ball
2-2: Ground out 5-3 (Groundball, 5S)
Batting: RHB Spencer Curry 0-0: Called Strike
0-1: Ball
1-1: Foul Ball, location: 2F
1-2: Reached on error, E6 (Groundball, 6)
Batting: RHB Bob Sargent 0-0: Swinging Strike
0-1: Ball
1-1: Foul Ball, location: 2F
1-2: Strikes out swinging
Batting: LHB Steve Riggs 0-0: Called Strike
0-1: Ground out 6-3 (Groundball, 4M)
Top of the 5th over - 0 run(s), 0 hit(s), 1 error(s), 1 left on base; Royse City 6 - Jersey City 0
BOTTOM OF THE 5TH
Jersey City Sun Caps batting - Pitching for Royse City Targaryens : RHP Ron Kennedy
Batting: RHB Christian O'Dell 0-0: Foul Ball, location: 2F
0-1: Ball
1-1: Ground out 4-3 (Groundball, 4)
Batting: RHB Cliff May 0-0: Called Strike
0-1: Ball
1-1: Swinging Strike
1-2: Strikes out swinging
Batting: RHB Billy Wilson 0-0: Swinging Strike
0-1: Ball
1-1: Fly out, F7 (Flyball, 7M)
Bottom of the 5th over - 0 run(s), 0 hit(s), 0 error(s), 0 left on base; Royse City 6 - Jersey City 0
TOP OF THE 6TH
Royse City Targaryens batting - Pitching for Jersey City Sun Caps : RHP Jim Unknown
Batting: RHB Ron Ward 0-0: Called Strike
0-1: Swinging Strike
0-2: Ball
1-2: Ball
2-2: Ground out 1-3 (Groundball, 13S)
Batting: RHB Will Thomas 0-0: Ball
1-0: SINGLE (Groundball, 34D)
Batting: RHB Brent Burgess 0-0: Ball
1-0: Called Strike
1-1: Ball
2-1: Foul Ball, location: 2F
2-2: Strikes out swinging
Will Thomas steals 2nd base
Batter strikes out.
Batting: RHB Eric D'Angle 0-0: Foul Ball, location: 2F
0-1: Ground out 5-3 (Groundball, 5)
Top of the 6th over - 0 run(s), 1 hit(s), 0 error(s), 1 left on base; Royse City 6 - Jersey City 0
BOTTOM OF THE 6TH
Jersey City Sun Caps batting - Pitching for Royse City Targaryens : RHP Ron Kennedy
Batting: LHB Munemori Ohara 0-0: Ball
1-0: Ball
2-0: Ball
3-0: Called Strike
3-1: Fly out, F7 (Flyball, 7D)
Batting: LHB Jesús Pérez 0-0: Ball
1-0: Foul Ball, location: 2F
1-1: Foul Ball, location: 2F
1-2: Ball
2-2: Ball
3-2: Ground out 1-3 (Groundball, 13S)
Batting: RHB Gil Moore 0-0: Called Strike
0-1: Ball
1-1: Ball
2-1: Ball
3-1: SINGLE (Line Drive, 4MD)
Batting: RHB Oscar Lewis 0-0: Called Strike
0-1: DOUBLE (Flyball, 89XD)
Gil Moore to third
Batting: LHB Harlan Price 0-0: Called Strike
0-1: Swinging Strike
0-2: SINGLE (Line Drive, 4M)
Gil Moore scores
Oscar Lewis to third
Runner from 3rd tries for Home, SAFE, no throw or cutoff
Pitching: RHP David St. John
Batting: RHB Carlos Vázquez 0-0: Called Strike
0-1: Ball
1-1: Fly out, F7 (Flyball, 7M)
Bottom of the 6th over - 2 run(s), 3 hit(s), 0 error(s), 1 left on base; Royse City 6 - Jersey City 2
TOP OF THE 7TH
Royse City Targaryens batting - Pitching for Jersey City Sun Caps : RHP Jim Unknown
Pitching: RHP Jim Unknown
Batting: LHB Jack Schmitt 0-0: Called Strike
0-1: Foul Ball, location: 2F
0-2: Ball
1-2: Strikes out swinging
Batting: LHB Jerry Wilson 0-0: Foul Ball, location: 2F
0-1: Ball
1-1: Ball
2-1: Ball
3-1: Swinging Strike
3-2: Base on Balls
Batting: RHB Spencer Curry 0-0: Ball
1-0: Foul Ball, location: 2F
1-1: Foul Ball, location: 2F
1-2: Grounds into double play, U4-3 (Groundball, 4)
Top of the 7th over - 0 run(s), 0 hit(s), 0 error(s), 0 left on base; Royse City 6 - Jersey City 2
BOTTOM OF THE 7TH
Jersey City Sun Caps batting - Pitching for Royse City Targaryens : RHP David St. John
Batting: RHB Christian O'Dell 0-0: SOLO HOME RUN (Flyball, 78XD), Distance : 410 ft
Pitching: RHP Lorenzo Tamargo
Batting: RHB Cliff May 0-0: Called Strike
0-1: Fly out, F4 (Line Drive, 4M)
Batting: RHB Billy Wilson 0-0: Ground out 4-3 (Groundball, 4M)
Batting: LHB Munemori Ohara 0-0: Ball
1-0: Swinging Strike
1-1: Called Strike
1-2: Strikes out swinging
Bottom of the 7th over - 1 run(s), 1 hit(s), 0 error(s), 0 left on base; Royse City 6 - Jersey City 3
TOP OF THE 8TH
Royse City Targaryens batting - Pitching for Jersey City Sun Caps : RHP Jim Unknown
Batting: RHB Bob Sargent 0-0: Ball
1-0: Foul Ball, location: 2F
1-1: Swinging Strike
1-2: Ball
2-2: Strikes out swinging
Batting: LHB Steve Riggs 0-0: Foul Ball, location: 2F
0-1: Called Strike
0-2: Ground out 4-3 (Groundball, 34)
Batting: RHB Ron Ward 0-0: Ball
1-0: Foul Ball, location: 2F
1-1: Ball
2-1: Ball
3-1: Called Strike
3-2: Strikes out swinging
Top of the 8th over - 0 run(s), 0 hit(s), 0 error(s), 0 left on base; Royse City 6 - Jersey City 3
BOTTOM OF THE 8TH
Jersey City Sun Caps batting - Pitching for Royse City Targaryens : RHP Lorenzo Tamargo
Now in RF: Johnny Foster
Batting: LHB Jesús Pérez 0-0: Foul Ball, location: 2F
0-1: Swinging Strike
0-2: Strikes out swinging
Batting: RHB Gil Moore 0-0: Called Strike
0-1: Foul Ball, location: 2F
0-2: Fly out, F9 (Flyball, 9S)
Batting: RHB Oscar Lewis 0-0: Ball
1-0: Called Strike
1-1: Reached on error, E6 (Groundball, 6)
Batting: LHB Harlan Price 0-0: Foul Ball, location: 2F
0-1: Ball
1-1: SINGLE (Line Drive, 78M)
Oscar Lewis to second
Batting: RHB Carlos Vázquez 0-0: Fly out, F9 (Flyball, 9D)
Bottom of the 8th over - 0 run(s), 1 hit(s), 1 error(s), 2 left on base; Royse City 6 - Jersey City 3
TOP OF THE 9TH
Royse City Targaryens batting - Pitching for Jersey City Sun Caps : RHP Jim Unknown
Pitching: RHP Jim Unknown
Batting: RHB Will Thomas 0-0: Ball
1-0: Swinging Strike
1-1: Swinging Strike
1-2: Strikes out swinging
Batting: RHB Brent Burgess 0-0: Called Strike
0-1: Ball
1-1: Ball
2-1: Ball
3-1: Base on Balls
Batting: RHB Eric D'Angle 0-0: Ball
1-0: Ball
2-0: Ball
3-0: Called Strike
3-1: Fly out, F8 (Flyball, 8RM)
Batting: LHB Jack Schmitt 0-0: Ball
1-0: 2-RUN HOME RUN (Flyball, 89XD), Distance : 429 ft
Batting: LHB Jerry Wilson 0-0: SOLO HOME RUN (Flyball, 89XD), Distance : 433 ft
Pitching: RHP Jim Unknown
Batting: RHB Spencer Curry 0-0: Called Strike
0-1: Swinging Strike
0-2: Ball
1-2: Strikes out swinging
Top of the 9th over - 3 run(s), 2 hit(s), 0 error(s), 0 left on base; Royse City 9 - Jersey City 3
BOTTOM OF THE 9TH
Jersey City Sun Caps batting - Pitching for Royse City Targaryens : RHP Lorenzo Tamargo
Batting: RHB Christian O'Dell 0-0: Called Strike
0-1: Ground out 5-3 (Groundball, 5)
Batting: RHB Cliff May 0-0: Swinging Strike
0-1: Swinging Strike
0-2: Strikes out looking
Batting: RHB Billy Wilson 0-0: Called Strike
0-1: Foul Ball, location: 2F
0-2: Ball
1-2: Ball
2-2: Strikes out swinging
Bottom of the 9th over - 0 run(s), 0 hit(s), 0 error(s), 0 left on base; Royse City 9 - Jersey City 3
This league is powered by Out of the Park Baseball, the baseball management simulation game for PC, Mac and Linux
Saturday, July 25th, 2015 - OOTP Baseball 15.6 Build 34